 Dungeon Crawl Stone Soup version 0.29.0-15-g675c0067aa (webtiles) character file.

Game seed: 13022850809222448725

79 Doot the Grave Robber (level 4, -1/27 HPs)
             Began as an Octopode Necromancer on Sept 11, 2022.
             Killed from afar by Natasha (6 damage)
             ... with a magic dart
             ... on level 3 of the Dungeon.
             The game lasted 00:02:21 (1078 turns).

Doot the Grave Robber (Octopode Necromancer)        Turns: 1078, Time: 00:02:22

Health: -1/27      AC:  1    Str:  7    XL:     4   Next: 37%
Magic:  1/7        EV: 13    Int: 19    God:
Gold:   34         SH:  0    Dex: 12    Spells: 4/8 levels left

rFire   . . .      SeeInvis .   m - +2 long sword (venom)
rCold   . . .      Faith    .   (no shield)
rNeg    . . .      Spirit   .   (helmet restricted)
rPois   .          Reflect  .   (no amulet)
rElec   .          Harm     .   (no ring)
rCorr   .          Rampage  .   (no ring)
Will    .....                   (no ring)
Stlth   +++.......              (no ring)
HPRegen 0.09/turn               (no ring)
MPRegen 0.10/turn               (no ring)
                                (no ring)
                                (no ring)

@: no status effects
A: almost no armour, amphibious, 8 rings, camouflage 1, gelatinous body 1,
(nimble swimmer 1), tentacles
a: no special abilities


You were on level 3 of the Dungeon.
You visited 1 branch of the dungeon, and saw 3 of its levels.

You collected 34 gold pieces.

Inventory:

Hand Weapons
 g - a +0 dagger
 m - a +2 long sword of venom (weapon)
Scrolls
 b - a scroll of amnesia {unknown}
 e - a scroll of immolation {unknown}
 f - a scroll of identify {unknown}
 h - a scroll of blinking {unknown}
 i - a scroll of butterflies {unknown}
 k - a scroll of teleportation {unknown}
 n - a scroll of magic mapping {unknown}
Potions
 a - a potion of magic
 c - a potion of might {unknown}
 d - a potion of lignification {unknown}
 j - a potion of curing {unknown}
 l - a potion of brilliance {unknown}


   Skills:
 + Level 2.1 Dodging
 + Level 3.0 Stealth
 + Level 0.8 Unarmed Combat
 + Level 2.6 Spellcasting
 + Level 5.0 Necromancy


You had 4 spell levels left.
You knew the following spells:

 Your Spells              Type           Power      Damage    Failure   Level
a - Necrotise             Necr           84%        1d8       1%          1
b - Vampiric Draining     Necr           21%        2d7       6%          3

Your spell library contained the following spells:

 Spells                   Type           Power      Damage    Failure   Level
 Animate Dead             Necr           21%        N/A       21%         4
 Conjure Flame            Conj/Fire      2%         6-21      43%         3
 Ignite Poison            Fire/Tmut/Pois 2%         N/A       43%         3
 Sticky Flame             Conj/Fire      2%         2d3       85%         4
 Agony                    Necr           21%        N/A       50%         5


Dungeon Overview and Level Annotations

Branches:
Dungeon (3/15)

Altars:

Shops:
D:2 :=

Annotations:
D:3 Natasha


Innate Abilities, Weirdness & Mutations

You cannot wear most types of armour.
You are amphibious.
You can wear up to eight rings at the same time.
Your skin changes colour to match your surroundings (Stealth+).
Your rubbery body absorbs attacks. (AC +1, EV +1)
((You are camouflaged when in or above water. (Stealth+)))
You have tentacles for arms and can constrict up to eight enemies at once.


Message History

A frilled lizard comes into view.
The frilled lizard hisses angrily.
The frilled lizard moves out of view.
The frilled lizard writhes in agony.
You kill the frilled lizard!
The dead are walking!
n - a scroll labelled ECURPHOPSUN You start resting.
HP restored.
You start resting.
Your frilled lizard skeleton crumbles into dust!
Magic restored.
Natasha hisses angrily.
Natasha zaps a wand.
The puff of flame hits you!
Natasha zaps a wand.
The puff of flame hits you!
* * * LOW HITPOINT WARNING * * *
You closely miss Natasha. Your grab misses Natasha. Natasha closely misses you.
Natasha barely misses you.
Casting: Necrotise (safe; 1% risk of failure)
Confirm with . or Enter, or press ? or * to list all spells.
The spell is quite dangerous to miscast (6% risk of failure)!
Continue anyway?
Aiming: Vampiric Draining (quite dangerous; 6% risk of failure)
Press: ? - help, Shift-Dir - straight line, f - Natasha
Aim: Natasha, carrying a wand of flame (5)
You draw life force from Natasha.
You feel life coursing into your body.
Natasha zaps a wand.
The puff of flame hits you!
* * * LOW HITPOINT WARNING * * *
Unknown command.
Casting: Vampiric Draining (quite dangerous; 6% risk of failure)
Confirm with . or Enter, or press ? or * to list all spells.
The spell is quite dangerous to miscast (6% risk of failure)!
Continue anyway?
Aiming: Vampiric Draining (quite dangerous; 6% risk of failure)
Press: ? - help, Shift-Dir - straight line, f/p - Natasha
Aim: Natasha, carrying a wand of flame (4) (moderately wounded)
You draw life force from Natasha!
You feel life coursing into your body.
Natasha wildly gestures.
You feel disoriented. Natasha casts a spell at you. The magic dart hits you.
You die...

#.#.........# #. #....##..#
#>###.......#
.######..#....#†..#####
.......#.....##........
#.###.####..#####
#...........####
########................
......h@...#.##.#.......
#################<###.#.####.
#.................# #.##
################### ##


You could see Natasha.

Vanquished Creatures
  A hound (D:3)
  2 adders (D:2)
  A worm (D:2)
  2 endoplasms
  A giant cockroach (D:2)
  2 goblins
  2 hobgoblins
  A quokka (D:2)
  5 ball pythons
  5 bats
  A frilled lizard (D:3)
  3 kobolds (D:1)
  2 rats (D:1)
28 creatures vanquished.

Vanquished Creatures (collateral kills)
  A frilled lizard (D:1)
1 creature vanquished.

Grand Total: 29 creatures vanquished

Notes
Turn   | Place    | Note
-------+----------+-------------------------------------------
     0 | D:1      | Doot the Octopode Necromancer began the quest for the Orb.
     0 | D:1      | Reached XP level 1. HP: 11/11 MP: 3/3
   205 | D:1      | Reached XP level 2. HP: 15/17 MP: 3/5
   476 | D:2      | Found Piadoep's Jewellery Shop.
   544 | D:2      | Reached XP level 3. HP: 21/21 MP: 1/6
   595 | D:2      | Learned a level 3 spell: Vampiric Draining
   616 | D:2      | Found Vuiweaba's Book Shop.
   997 | D:3      | Noticed Natasha
  1036 | D:3      | Reached skill level 5 in Necromancy
  1036 | D:3      | Reached XP level 4. HP: 24/27 MP: 4/7
  1077 | D:3      | HP: 1/27 [Natasha/puff of flame (8)]
  1078 | D:3      | Killed from afar by Natasha

Illustrated notes

Levels and vault maps discovered:
D:1:      dpeg_arrival_arbitrary_b, layout_loops_ring,
          nicolae_ecumenical_snake_handling, kennysheep_doodads, minmay_vboxes
D:2:      layout_loops_ring, serial_shops, shop, shop_fountains, shop, shop,
          shop
D:3:      minmay_angry_zag, layout_loops_ring,
          nicolae_hepliaklqana_monster_ancestors, uniq_natasha

Skill      XL: |  1  2  3 |
---------------+----------+-----
Stealth        | 3 |  3.0
Necromancy     | 5 |  5.0
Dodging        | |  2.1
Unarmed Combat | |  0.8
Spellcasting   | |  2.6

Action                   |  1- 3 |  4- 6 || total
-------------------------+-------+-------++-------
Melee: Unarmed           |    14 |       ||    14
       Tentacles         |     7 |       ||     7
       Constrict         |     5 |       ||     5
       Dagger            |     5 |       ||     5
       Long sword        |     1 |     1 ||     2
 Cast: Necrotise         |    35 |     1 ||    36
       Vampiric Draining |       |     2 ||     2
 Stab: Sleeping          |     1 |       ||     1
Armor: Skin              |     3 |       ||     3
Dodge: Dodged            |    20 |     2 ||    22
